 Dungeon Crawl Stone Soup version 0.21-a0-41-g5e91fef (webtiles) character file.

1684 roguesci the Skirmisher (level 8, -14/63 HPs)
             Began as a Demonspawn Ice Elementalist on June 3, 2017.
             Was a Follower of Vehumet.
             Demolished by an orc warrior
             ... wielding a +0 long sword
              (19 damage)
             ... on level 7 of the Dungeon.
             The game lasted 00:31:37 (9142 turns).

roguesci the Skirmisher (DsIE)                      Turns: 9142, Time: 00:31:38

Health: -14/63     AC:  6    Str:  9    XL:     8   Next: 71%
Magic:  14/14      EV: 14    Int: 22    God:    Vehumet [*.....]
Gold:   361        SH:  0    Dex: 13    Spells: 9/15 levels left

rFire    . . .     SeeInvis .   (no weapon)
rCold    . . .     Gourm    .   (no shield)
rNeg     . . .     Faith    .   d - +0 robe of Huonk {Int+3} (curse)
rPois    .         Spirit   .   (no helmet)
rElec    .         Reflect  .   (no cloak)
rCorr    .         Harm     .   (no gloves)
MR       .....     Rnd*Rage +   (no boots)
Stlth    ++........             (no amulet)
Regen    0.2/turn               (no ring)
MPRegen  0.2/turn               (no ring)

@: berserk cooldown, slowed, very slow
A: hooves 1, iridescent scales 2, berserk 1, deterioration 1, mutation
resistance 1, powered by death 2
a: Renounce Religion


You were on level 7 of the Dungeon.
You worshipped Vehumet.
Vehumet was aware of your devotion.
You were not hungry.

You visited 2 branches of the dungeon, and saw 8 of its levels.

You collected 361 gold pieces.

Inventory:

Hand Weapons
 h - the +2 whip of Quick Death {pain, rC+ Dex+3, unknown}
   (You found it on level 5 of the Dungeon)

   In the hands of one skilled in necromantic magic, it inflicts extra damage on
   living creatures.
   It affects your dexterity (+3).
   It protects you from cold.
 l - a +0 hunting sling
 t - a +1 long sword of electrocution
Missiles
 k - 167 stones (quivered)
Armour
 d - the cursed +0 robe of Huonk (worn) {Int+3}
   (You found it on level 5 of the Dungeon)

   It affects your intelligence (+3).
   It has a curse placed upon it.
 e - a +0 pair of boots
 n - a +3 leather armour of fire resistance
 o - a +0 helmet
 q - a +0 cloak
 H - a +0 pair of gloves
Jewellery
 i - an uncursed ring of protection from fire
 x - an uncursed ring of poison resistance
Wands
 w - a wand of disintegration (11/24)
 z - a wand of random effects (18/48)
 F - a wand of random effects (40/48)
Scrolls
 f - a scroll of enchant armour {unknown}
 j - 2 scrolls of enchant weapon
 m - a scroll of immolation {unknown}
 v - 2 scrolls of magic mapping {unknown}
 D - 5 scrolls of identify {unknown}
 E - 2 scrolls of blinking {unknown}
 G - a scroll of random uselessness {unknown}
Potions
 g - a potion of haste
 r - a potion of heal wounds
 u - a potion of flight
 A - a potion of curing
 C - a potion of agility {unknown}
Books
 b - a book of Frost

   Spells                             Type                      Level
   a - Freeze                         Ice                          1
   b - Throw Frost                    Conjuration/Ice              2
   c - Ozocubu's Armour               Charms/Ice                   3
   d - Throw Icicle                   Conjuration/Ice              4
   e - Summon Ice Beast               Ice/Summoning                4
 y - a book of Changes

   Spells                             Type                      Level
   a - Beastly Appendage              Transmutation                1
   b - Sticks to Snakes               Transmutation                2
   c - Spider Form                    Transmutation/Poison         3
   d - Ice Form                       Ice/Transmutation            4
   e - Blade Hands                    Transmutation                5
Comestibles
 c - 5 bread rations
 p - 3 meat rations
 B - a royal jelly


   Skills:
 * Level 5.5 Fighting
 * Level 3.2 Long Blades
 - Level 1.0 Armour
 * Level 5.2 Dodging
 + Level 3.8 Stealth
 + Level 4.1 Spellcasting
 - Level 1.0 Conjurations
 + Level 4.4 Ice Magic


You had 9 spell levels left.
You knew the following spells:

 Your Spells              Type           Power        Failure   Level  Hunger
a - Freeze                Ice            ###.         1%          1    None
b - Ozocubu's Armour      Chrm/Ice       ##......     13%         3    ##.....
c - Throw Frost           Conj/Ice       ###...       5%          2    #......


Dungeon Overview and Level Annotations

Branches:
Dungeon (7/15)             Temple (1/1) D:4

Altars:
Ashenzari
Cheibriados
Elyvilon
Fedhas
Gozag
Hepliaklqana
Kikubaaqudgha
Makhleb
Nemelex Xobeh
Qazlal
Sif Muna
Trog
Uskayaw
Vehumet
Wu Jian
Xom
Yredelemnul
Zin
The Shining One


Innate Abilities, Weirdness & Mutations

You have large cloven feet.
You are mostly covered in iridescent scales. (AC +4)
You regenerate health from kills.
You tend to lose your temper in combat.
Your body sometimes deteriorates upon taking damage.
You are somewhat resistant to further mutation.


Message History

You hit the orc warrior but do no damage.
The orc warrior closely misses you.
The orc warrior hits you with a long sword!
You closely miss the orc warrior. The orc warrior closely misses you.
You completely miss the orc warrior.
You kick the orc warrior, but do no damage.
The orc warrior hits you with a long sword!
* * * LOW HITPOINT WARNING * * *
You barely miss the orc warrior.
The orc warrior hits you with a long sword!
* * * LOW HITPOINT WARNING * * *
You hit the orc warrior.
The orc warrior is lightly wounded.
The orc priest calls upon Beogh to heal the orc warrior.
The orc warrior's wounds heal themselves!
The orc warrior closely misses you.
The orc wizard gestures wildly while chanting.
The orc wizard blinks!
The orc warrior hits you with a long sword!!
You die...

...########
....§oo@..##
########..o#
###.#.#
#.._..#
#.#.###
#.#.# .
#...## ###
.. ###..#
##.. ...
##.#


You could see an orc warrior, an orc priest and an orc wizard.

Vanquished Creatures
  Eustachio (D:4)
  Edmund (D:5)
  A sky beast (D:6)
  2 orc warriors
  A phantom (D:6)
  A centaur (D:5)
  A scorpion (D:5)
  A howler monkey (D:4)
  A crimson imp (D:6)
  A centaur zombie (D:3)
  A jelly (D:5)
  3 centaur skeletons
  2 orc priests
  Ijyb (D:5)
  Natasha (thrice) (D:2)
  An iguana (D:5)
  5 orc wizards
  5 worker ants
  A worker ant zombie (D:5)
  4 gnolls (D:5)
  A howler monkey skeleton (D:5)
  10 adders
  A shadow imp (D:6)
  An ooze (D:1)
  2 adder skeletons (D:6)
  3 worms
  4 dart slugs
  5 leopard geckos
  23 orcs
  5 bats
  10 giant cockroaches
  9 goblins
  6 hobgoblins
  7 jackals (D:5)
  2 quokkas
  5 frilled lizards
  A jackal zombie (D:5)
  5 kobolds
  A leopard gecko skeleton (D:4)
  A quokka zombie (D:6)
  6 rats
145 creatures vanquished.

Vanquished Creatures (others)
  An orc (D:3)
  A kobold (D:3)
2 creatures vanquished.

Grand Total: 147 creatures vanquished

Notes
Turn   | Place    | Note
-------+----------+-------------------------------------------
     0 | D:1      | roguesci the Demonspawn Ice Elementalist began the quest for the Orb.
     0 | D:1      | Reached XP level 1. HP: 13/13 MP: 3/3
   569 | D:1      | Gained mutation: You are partially covered in iridescent scales. (AC +2) [demonic ancestry]
   569 | D:1      | Reached XP level 2. HP: 19/20 MP: 1/5
   638 | D:1      | HP: 1/20 [leopard gecko (3)]
  1147 | D:1      | Reached skill level 1 in Fighting
  1443 | D:1      | Gained mutation: You regenerate a little health from kills. [demonic ancestry]
  1443 | D:1      | Reached XP level 3. HP: 14/26 MP: 0/6
  2034 | D:2      | Noticed Natasha
  2039 | D:2      | Learned a level 3 spell: Ozocubu's Armour
  2047 | D:2      | Killed Natasha
  2047 | D:2      | Gained mutation: You have large cloven feet. [demonic ancestry]
  2047 | D:2      | Reached XP level 4. HP: 11/33 MP: 0/7
  2214 | D:2      | Noticed Natasha
  2219 | D:2      | Killed Natasha
  3138 | D:2      | Noticed Natasha
  3142 | D:2      | Killed Natasha
  3142 | D:2      | Reached XP level 5. HP: 36/38 MP: 1/8
  3555 | D:3      | Learned a level 2 spell: Throw Frost
  3740 | D:3      | Reached skill level 1 in Armour
  4622 | D:3      | Found a stormy altar of Qazlal.
  4790 | D:3      | Reached XP level 6. HP: 47/47 MP: 1/10
  5260 | D:4      | Found a staircase to the Ecumenical Temple.
  5490 | Temple   | Entered the Ecumenical Temple
  5597 | Temple   | Became a worshipper of Vehumet
  5662 | D:4      | Noticed Eustachio
  5702 | D:4      | Killed Eustachio
  6095 | D:4      | Gained mutation: You regenerate health from kills. [demonic ancestry]
  6095 | D:4      | Reached XP level 7. HP: 52/52 MP: 8/11
  6490 | D:4      | Found a deep blue altar of Sif Muna.
  6550 | D:5      | Entered Level 5 of the Dungeon
  6664 | D:5      | Got a fine whip
  6718 | D:5      | Noticed Edmund
  6744 | D:5      | Killed Edmund
  6753 | D:5      | Reached skill level 1 in Long Blades
  6780 | D:5      | Reached * piety under Vehumet
  6780 | D:5      | Offered knowledge of Sandblast by Vehumet.
  6852 | D:5      | Got a steaming robe
  6863 | D:5      | Identified the cursed +0 robe of Huonk {Int+3} (You found it on level 5 of the Dungeon)
  7050 | D:5      | Noticed Ijyb
  7062 | D:5      | Killed Ijyb
  7062 | D:5      | Gained mutation: You are mostly covered in iridescent scales. (AC +4) [demonic ancestry]
  7062 | D:5      | Reached XP level 8. HP: 58/61 MP: 13/13
  7280 | D:5      | Found an ancient bone altar of Kikubaaqudgha.
  7877 | D:6      | Found a hide-covered altar of Uskayaw.
  7930 | D:6      | Reached skill level 5 in Fighting
  7996 | D:6      | Reached skill level 5 in Dodging
  8000 | D:6      | Gained mutation: You tend to lose your temper in combat. [mutagenic meat]
  8001 | D:6      | Gained mutation: Your body sometimes deteriorates upon taking damage. [mutagenic meat]
  8002 | D:6      | Gained mutation: You are somewhat resistant to further mutation. [mutagenic meat]
  9125 | D:7      | Found a hazy altar of Hepliaklqana.
  9142 | D:7      | Demolished by an orc warrior

Vault maps used:
D:1:      dpeg_arrival_arbitrary_c, minmay_misc_feat_square,
          minmay_misc_feat_roman
D:2:      uniq_natasha
D:3:      nicolae_qazlal_eye_of_the_storm
D:4:      kennysheep_mini, minmay_temple_entry_butterflies, serial_curves,
          eino_curves_01, eino_curves_03, uniq_eustachio
D:5:      kennysheep_little_box, first_bread, uniq_edmund, uniq_ijyb
D:6:      eat_drink_and_be_merry_uskayaw
D:7:      lemuel_crystal_altar, grunt_dithmenos_smoke_and_mirrors
Temple:   nicolae_temple_great_sept

Skill      XL: |  1  2  3  4  5  6  7  8 |
---------------+-------------------------+-----
Dodging        | 2 3 4 5 |  5.2
Stealth        | 2 3 |  3.8
Fighting       | 1 2 3 4 5 |  5.5
Ice Magic      | 3 4 |  4.4
Armour         | 1 |  1.0
Spellcasting   | 3 4 |  4.1
Long Blades    | 2 3 |  3.2
Conjurations   | |  1.0

Action                   |  1- 3 |  4- 6 |  7- 9 || total
-------------------------+-------+-------+-------++-------
Melee: Unarmed           |    67 |   463 |    20 ||   550
       Rapier            |       |    22 |    34 ||    56
       Long sword        |       |       |   225 ||   225
       Kick              |       |       |     4 ||     4
Throw: Stone             |       |     1 |     1 ||     2
 Cast: Freeze            |    52 |    51 |     1 ||   104
       Ozocubu's Armour  |     1 |    14 |     6 ||    21
       Throw Frost       |       |    14 |     6 ||    20
  Use: Potion            |       |     8 |     1 ||     9
       Scroll            |       |       |     5 ||     5
 Stab: Sleeping          |     3 |     6 |     5 ||    14
  Eat: Chunk             |     4 |    11 |    13 ||    28
       Meat ration       |       |     1 |       ||     1
       Fruit             |       |     1 |       ||     1
       Royal jelly       |       |       |     1 ||     1
Armor: Robe              |    34 |   133 |    69 ||   236
       Skin              |       |    45 |       ||    45
       Leather armour    |       |    12 |    62 ||    74
Dodge: Dodged            |    79 |   315 |   220 ||   614
       Rpst.: Long sword |       |       |    46 ||    46
